 Dungeon Crawl Stone Soup version 0.31.0-32-g396128a36d (webtiles) character file.

Game seed: 3646464708981236456

28541 Alphaeus the Metamorph (level 13, -4/146 (159) HPs)
             Began as a Troll Shapeshifter on Mar 18, 2024.
             Was an Elder of Wu Jian.
             Slain by a death yak (20 damage)
             ... in a Gauntlet.
             The game lasted 00:22:58 (12623 turns).

Alphaeus the Metamorph (Troll Shapeshifter)        Turns: 12623, Time: 00:22:59

HP:   -4/146 (159)  AC: 12    Str: 40    XL:     13   Next: 10%
MP:   0/12          EV: 11    Int:  6    God:    Wu Jian [****..]
Gold: 1278          SH:  0    Dex:  9    Spells: 12/12 levels left

rFire   . .          .
                       - Unarmed
rCold   + . .        (shield currently unavailable)
rNeg    . . .        F - melded +2 robe {Will+}
rPois   +            (helmet currently unavailable)
rElec   .            (cloak currently unavailable)
rCorr   +            (gloves unavailable)
SInv    .            (boots unavailable)
Will    .....        y - amulet of guardian spirit
Stlth   +            a - +6 ring of strength
HPRegen 1.24/turn    W - ring of Takhlouq {rPois rC+ rCorr Slay+2}
MPRegen 0.13/turn

%: no teleportation, guardian spirit
@: mighty, snake-form, hasted, drained, very quick
A: constrict, boosted hp, large, unfitting armour, (claws 3), regeneration 1,
(shaggy fur 1), (tough skin 1)
a: Begin Untransformation, Renounce Religion, Wall Jump, Serpent's Lash


You were in a Gauntlet.
You worshipped Wu Jian.
Wu Jian was greatly pleased with you.
You were an enormous serpent.
You visited 3 branches of the dungeon, and saw 15 of its levels.
You also visited: Sewer, Ossuary, Gauntlet and Volcano.

You collected 1278 gold pieces.

Inventory:

Missiles
 I - 6 throwing nets (quivered)
Armour
 i - +0 fire dragon scales
 F - a +2 robe of willpower (melded)
 N - an orb of guile
 O - a +0 troll leather armour
Jewellery
 a - a +6 ring of strength (left hand)
 l - a ring of ice
 y - an amulet of guardian spirit (around neck)
 S - an amulet of regeneration
 T - a ring of fire
 U - the ring "Ruigug" {Fly rF+}
   (You found it in a Gauntlet)

   [ring of flight]

   rF+:       It protects you from fire.
   Fly:       It grants you flight.
 W - the ring of Takhlouq (right hand) {rPois rC+ rCorr Slay+2}
   (You found it in a Gauntlet)

   [ring of resist corrosion]

   Slay+2:    It affects your accuracy & damage with ranged weapons and melee
   (+2).
   rC+:       It protects you from cold.
   rPois:     It protects you from poison rCorr: It protects you from acid and
   corrosion.
Talismans
 c - a beast talisman
 d - a flux talisman
 r - a blade talisman
 z - a dragon-blood talisman
 H - a serpent talisman (active)
Wands
 q - a wand of flame (24)
 w - a wand of mindburst (20)
 L - a wand of digging (5)
 M - a wand of roots (5)
 P - a wand of light (3)
 R - a wand of paralysis (10)
Scrolls
 f - 3 scrolls of torment
 h - 8 scrolls of fear
 j - 6 scrolls of enchant armour
 k - a scroll of blinking
 u - 3 scrolls of fog
 B - 7 scrolls of teleportation
 D - 2 scrolls of poison
 E - a scroll of summoning {unknown}
 G - 5 scrolls of vulnerability
 K - 2 scrolls of noise
 Q - a scroll of amnesia
 V - a scroll of brand weapon {unknown}
Potions
 b - 3 potions of lignification
 g - 4 potions of curing
 m - 6 potions of attraction
 n - 2 potions of mutation
 p - 2 potions of haste
 t - 2 potions of resistance
 v - a potion of might
 x - 3 potions of brilliance
 A - 2 potions of ambrosia
 C - 4 potions of heal wounds
 J - 2 potions of magic
Miscellaneous
 e - a box of beasts


   Skills:
 + Level 10.2 Fighting
 + Level 6.8 Dodging
 - Level 5.1 Unarmed Combat
 * Level 15.5 Shapeshifting


You had 12 spell levels left.
You didn't know any spells.
Your spell library contained the following spells:

 Spells                   Type           Power      Damage    Failure   Level
 Shock                    Conj/Air       0%         1d3       45%         1
 Mercury Vapours          Alch/Air       0%         N/A       58%         2
 Call Canine Familiar     Summ           0%         N/A       83%         3
 Hailstorm                Conj/Ice       0%         3d5       83%         3
 Mephitic Cloud           Conj/Alch/Air  0%         N/A       83%         3
 Sigil of Binding         Hex            0%         N/A       83%         3
 Summon Ice Beast         Ice/Summ       0%         N/A       83%         3
 Swiftness                Air            0%         N/A       83%         3
 Airstrike                Air            0%         2d(0-16)  99%         4
 Dimensional Bullseye     Hex/Tloc       0%         N/A       99%         4
 Freezing Cloud           Conj/Ice/Air   0%         6-21      100%        5
 Sculpt Simulacrum        Ice/Alch       0%         N/A       100%        6


Dungeon Overview and Level Annotations

Branches:
Dungeon (11/15)            Temple (1/1) D:7            Lair (3/5) D:8
  Swamp (0/4) Lair:2        Snake (0/4) Lair:3          Orc (0/2) D:11
  Sewer (visited)         Ossuary (visited)         Volcano (visited)
Gauntlet (1/1)

Altars:
Ashenzari
Cheibriados
Dithmenos
Elyvilon
Fedhas
Gozag
Hepliaklqana
Kikubaaqudgha
Makhleb
Nemelex Xobeh
Okawaru
Qazlal
Ru
Sif Muna
Trog
Uskayaw
Vehumet
Wu Jian
Xom
Yredelemnul
Zin
The Shining One

Annotations:
D:8 3 runed translucent doors, cdecastro's ghost, novice AtWr
Lair:1 2 transporters Gauntlet 7 transporters


Innate Abilities, Weirdness & Mutations

You are an enormous serpent.
You have a powerful constriction melee attack.
Your maximum health is increased.
Your armour is entirely melded.
You are incapable of wielding weapons or throwing items.
You are too large for most types of armour.
((You have claws for hands.))
Your natural rate of healing is unusually fast.
((You are covered in fur. (AC +1)))
((You have tough skin. (AC +1)))


Message History

You constrict the death yak! The torpor snail bites you!
You lash the death yak!
The death yak is severely wounded.
You constrict the death yak. The death yak gores you! x3
You completely miss the death yak.
The death yak is severely wounded.
You constrict the death yak! The death yak completely misses you.
The death yak barely misses you. The death yak gores you!
The torpor snail bites you!
You body-slam the death yak!!
You kill the death yak!
The Council accepts your kill.
The death yak gores you but does no damage.
The death yak closely misses you. The torpor snail bites you!!
* * * LOW HITPOINT WARNING * * *
You lash the torpor snail! You grab the torpor snail.
The torpor snail is severely wounded.
You constrict the torpor snail.
The death yak gores you but does no damage. x2
The death yak closely misses you. The death yak gores you.
* * * LOW HITPOINT WARNING * * *
You feel much better.
You constrict the torpor snail.
The death yak gores you but does no damage.
The death yak gores you!! The death yak gores you!
* * * LOW HITPOINT WARNING * * *
The death yak barely misses you. x2; The torpor snail bites you!
* * * LOW HITPOINT WARNING * * *
You feel much better.
You constrict the torpor snail!
You kill the torpor snail!
The Council accepts your kill. The death yak closely misses you.
The death yak gores you. The death yak gores you!
* * * LOW HITPOINT WARNING * * *
The death yak gores you!!
* * * LOW HITPOINT WARNING * * *
The death yak gores you but does no damage.
You barely miss the death yak. You grab the death yak.
You feel yourself speed up.
You constrict the death yak. The death yak gores you!!
You die...

........................≈#
.........................#
#########...###########..#8#
........#.8.#.........#..###
#....^#.#...#.........#..#
.##.##..#####..#...#.)#..#
.##.##..#...#........$#..#
.#^©.#.©#©.©#...YY...©#..#.
.##.##..#...#..YSY...=#..#.8.#
.##.##.[#####..#Y..#..#..#...#
#....^#.#...#.........#..#.8.#
........#...#.........#..#...#
#########...###########..#...#.#
..........§.............≈#.©.#.#
.........§8§............∩#......
..........≈§............§#.©.#
#########...###########..#...#


You could see 5 death yaks.

Vanquished Creatures
  A fire dragon (Volcano)
  A hydra (Lair:2)
  A catoblepas (Lair:2)
  The ghost of seawaffle the Cleaver, a novice MiBe of Trog (Lair:1)
  5 two-headed ogres
  A death yak (Gauntlet)
  A tengu warrior (Gauntlet)
  A fire crab (Volcano)
  An ugly thing (D:11)
  A cyclops (D:11)
  2 manticores (D:11)
  2 black mambas (Lair:1)
  11 cane toads
  2 torpor snails
  2 molten gargoyles (Volcano)
  Jeremiah (D:8)
  A tengu conjurer (Gauntlet)
  4 trolls
  A hornet (D:9)
  9 blink frogs
  2 dream sheep (Lair:1)
  Sigmund (D:2)
  2 wraiths (D:11)
  6 fire bats (Volcano)
  26 yaks
  2 wyverns
  A basilisk (D:8)
  Edmund (D:6)
  7 water moccasins
  5 hell hounds
  Pargi (Sewer)
  5 orc warriors
  2 laughing skulls (Gauntlet)
  A black bear (D:5)
  4 centaurs
  3 wolves (Lair:3)
  4 kobold brigands
  A weeping skull (Gauntlet)
  6 bullfrogs
  A gnoll sergeant (D:11)
  3 scorpions
  A burial acolyte (Ossuary)
  13 wights
  A howler monkey (D:4)
  5 lava snakes (Volcano)
  3 bombardier beetles (D:6)
  A hound (D:5)
  7 orc priests
  A jelly (Sewer)
  3 gnoll boudas
  4 iguanas
  2 sleepcaps (D:6)
  Natasha (thrice) (D:2)
  11 orc wizards
  A mummy (Ossuary)
  Robin (D:2)
  17 gnolls
  8 adders
  3 river rats (D:4)
  2 ufetubi (D:6)
  5 dart slugs
  5 ribbon worms
  27 orcs
  6 endoplasms
  7 giant cockroaches
  12 goblins
  6 hobgoblins
  11 jackals
  31 kobolds
  3 quokkas
  7 ball pythons
  7 bats
  8 frilled lizards
  5 gnoll skeletons (Ossuary)
  12 kobold skeletons (Ossuary)
  3 orc skeletons (Ossuary)
  9 rats
384 creatures vanquished.

Notes
Turn   | Place    | Note
-------+----------+-------------------------------------------
     0 | D:1      | Alphaeus the Troll Shapeshifter began the quest for the
                  | Orb.
     0 | D:1      | Reached XP level 1. HP: 18/18 MP: 0/0
    35 | D:1      | Reached skill level 1 in Fighting
    35 | D:1      | Reached XP level 2. HP: 27/27 MP: 1/1
   146 | D:1      | Reached XP level 3. HP: 31/33 MP: 2/2
   603 | D:2      | Noticed Sigmund
   610 | D:2      | Killed Sigmund
   611 | D:2      | Reached skill level 4 in Shapeshifting
   611 | D:2      | Reached XP level 4. HP: 42/42 MP: 3/3
   611 | D:2      | Reached XP level 5. HP: 49/49 MP: 4/4
   835 | D:2      | Noticed Natasha
   842 | D:2      | Killed Natasha
   891 | D:2      | Noticed Natasha
   897 | D:2      | Killed Natasha
   898 | D:2      | Reached XP level 6. HP: 57/57 MP: 5/5
   913 | D:2      | Noticed Natasha
   915 | D:2      | Killed Natasha
   916 | D:2      | Reached skill level 5 in Unarmed Combat
  1299 | D:2      | Noticed Robin
  1316 | D:2      | Killed Robin
  1777 | D:3      | Identified the +2 helmet of the Stonemason {rN+}
  1965 | D:4      | Reached skill level 5 in Shapeshifting
  2018 | D:4      | Found a glowing drain.
  2027 | Sewer    | Entered a sewer
  2036 | Sewer    | Reached XP level 7. HP: 66/66 MP: 6/6
  2109 | Sewer    | Noticed Pargi
  2115 | Sewer    | Killed Pargi
  2374 | D:4      | Reached skill level 6 in Shapeshifting
  2550 | D:4      | Found a glowing golden altar of the Shining One.
  2732 | D:5      | Entered Level 5 of the Dungeon
  2929 | D:5      | Found a sand-covered staircase.
  2938 | Ossuary  | Entered an ossuary
  3075 | Ossuary  | Reached XP level 8. HP: 29/78 MP: 7/7
  3313 | D:5      | Reached skill level 7 in Shapeshifting
  3918 | D:6      | Found a shimmering altar of Xom.
  3980 | D:6      | Noticed Edmund
  4002 | D:6      | Killed Edmund
  4101 | D:6      | Reached skill level 8 in Shapeshifting
  4112 | D:6      | Reached skill level 5 in Fighting
  4255 | D:6      | Found a basalt altar of Yredelemnul.
  4287 | D:6      | Found a shimmering blue altar of Sif Muna.
  4584 | D:6      | Reached XP level 9. HP: 79/88 MP: 6/8
  4730 | D:6      | Reached skill level 9 in Shapeshifting
  5417 | D:7      | Found a radiant altar of Vehumet.
  5472 | D:7      | Found a shadowy altar of Dithmenos.
  5584 | D:7      | Found a staircase to the Ecumenical Temple.
  5589 | Temple   | Entered the Ecumenical Temple
  5604 | Temple   | Became a worshipper of the Wu Jian Council
  6061 | D:8      | Found a staircase to the Lair.
  6105 | D:8      | Reached skill level 10 in Shapeshifting
  6187 | D:8      | Found a runed translucent gate.
  6187 | D:8      | Found a runed translucent gate.
  6187 | D:8      | Found a runed translucent gate.
  6187 | D:8      | Found an opulent altar of Gozag.
  6187 | D:8      | Noticed a six-headed hydra
  6188 | D:8      | Noticed cdecastro's ghost (novice AtWr)
  6212 | D:8      | Noticed a two-headed ogre
  6219 | D:8      | Killed a two-headed ogre
  6220 | D:8      | Reached XP level 10. HP: 49/100 MP: 3/9
  6541 | D:8      | Noticed Jeremiah
  6550 | D:8      | Killed Jeremiah
  6551 | D:8      | Reached skill level 11 in Shapeshifting
  6593 | D:8      | Reached * piety under Wu Jian
  7147 | D:9      | Noticed a two-headed ogre
  7152 | D:9      | Killed a two-headed ogre
  7207 | D:9      | Reached skill level 12 in Shapeshifting
  7272 | D:9      | Found an iron altar of Okawaru.
  7272 | D:9      | Found a blossoming altar of Fedhas.
  7364 | D:9      | Noticed a two-headed ogre
  7371 | D:9      | Killed a two-headed ogre
  7501 | D:9      | Reached ** piety under Wu Jian
  7582 | D:10     | Entered Level 10 of the Dungeon
  7751 | D:10     | Reached XP level 11. HP: 108/108 MP: 8/10
  8442 | D:11     | Noticed a brown ugly thing
  8451 | D:11     | Killed a brown ugly thing
  8483 | D:11     | Noticed a two-headed ogre
  8489 | D:11     | Killed a two-headed ogre
  8576 | D:11     | Reached skill level 13 in Shapeshifting
  8599 | D:11     | Found a staircase to the Orcish Mines.
  8725 | D:11     | Noticed a two-headed ogre
  8733 | D:11     | Killed a two-headed ogre
  9345 | Lair:1   | Entered Level 1 of the Lair of Beasts
  9363 | Lair:1   | Found a transporter.
  9568 | Lair:1   | Reached *** piety under Wu Jian
  9826 | Lair:1   | Found a transporter.
  9826 | Lair:1   | Found the +0 mask of the Dragon {Will+ Slay+3 SInv}
  9828 | Lair:1   | Found a runed translucent gate.
  9828 | Lair:1   | Found a runed translucent gate.
  9828 | Lair:1   | Found a runed translucent gate.
  9834 | Lair:1   | Noticed seawaffle's ghost (novice MiBe)
  9846 | Lair:1   | Identified a scroll of acquirement
  9869 | Lair:1   | Killed seawaffle's ghost
  9986 | Lair:1   | Reached XP level 12. HP: 123/123 MP: 11/11
  9990 | Lair:1   | Reached skill level 14 in Shapeshifting
  9992 | Lair:1   | Reached skill level 5 in Dodging
 10286 | Lair:1   | Acquired 248 gold pieces
 10429 | Lair:2   | Found a dark tunnel.
 10442 | Volcano  | Entered a volcano
 10554 | Volcano  | Found a burning altar of Makhleb.
 10566 | Volcano  | Reached **** piety under Wu Jian
 10649 | Volcano  | Noticed a fire dragon
 10668 | Volcano  | Killed a fire dragon
 10902 | Lair:2   | Noticed a catoblepas
 10909 | Lair:2   | Killed a catoblepas
 11346 | Lair:2   | Reached skill level 15 in Shapeshifting
 11576 | Lair:2   | Found a staircase to the Swamp.
 11664 | Lair:2   | Noticed an eight-headed hydra
 11673 | Lair:2   | Killed an eight-headed hydra
 11834 | Lair:3   | Found a staircase to the Snake Pit.
 11940 | Lair:3   | Reached skill level 10 in Fighting
 12059 | Lair:3   | Found a gate leading to a gauntlet.
 12071 | Lair:3   | Reached XP level 13. HP: 133/133 MP: 12/12
 12072 | Gauntlet | Entered a Gauntlet
 12072 | Gauntlet | Found a transporter.
 12072 | Gauntlet | Found a transporter.
 12073 | Gauntlet | Found a transporter.
 12076 | Gauntlet | Found a transporter.
 12076 | Gauntlet | Found a transporter.
 12077 | Gauntlet | Found a transporter.
 12097 | Gauntlet | Found a transporter.
 12099 | Gauntlet | Found a transporter.
 12100 | Gauntlet | Found a transporter.
 12100 | Gauntlet | Found a transporter.
 12112 | Gauntlet | Found a transporter.
 12119 | Gauntlet | Noticed a minotaur
 12234 | Gauntlet | Found a transporter.
 12310 | Gauntlet | Identified the ring "Ruigug" {Fly rF+}
 12339 | Gauntlet | Identified the ring of Takhlouq {rPois rC+ rCorr Slay+2}
 12623 | Gauntlet | Slain by a death yak

Illustrated notes

Levels and vault maps discovered:
D:1:      orjb1_lava_funnel, layout_basic, chequers_garden, minmay_heptomino_w4
D:2:      layout_loops_ring, st_stairs_4, nicolae_figureground_pulse,
          uniq_robin, uniq_sigmund, uniq_natasha
D:3:      layout_basic
D:4:      layout_basic, nicolae_tso_swordbearing_angel,
          lightli_sewer_entry_pipes, amcnicky_mini_pool_small,
          minmay_misc_feat_x
D:5:      layout_gridville, chequers_ossuary_entry_cave
D:6:      layout_loops_corners, kennysheep_mini_moat,
          mainiacjoe_overflow_cross_hatched, lemuel_coloured_pillars_altar,
          hangedman_abyss_or_decor_stagger, uniq_edmund
D:7:      layout_basic, fiery_altar_vehumet, grunt_dithmenos_smoke_and_mirrors,
          minmay_temple_entry_nine_rooms
D:8:      layout_gridville, lair_entry_dummy, ebering_ghost_gozag, uniq_jeremiah
D:9:      layout_loops_cross, mainiacjoe_overflow_divided_tiny,
          grunt_ministairs_2
D:10:     layout_stronghold
D:11:     layout_cave_pods, orc_0_dummy
Temple:   jpeg_temple_clearing
Lair:1:   gammafunk_worm_tunnel, layout_cave_pods, ebering_ghost_rock_garden
Lair:2:   cheibrodos_lair_river_kwai, layout_regular_city, swamp_mist,
          enter_volcano_3
Lair:3:   layout_chaotic_city, dummy_snake_entry, gauntlet_entry_generic
Gauntlet: gammafunk_gauntlet_hard_choice
          [gammafunk_gauntlet_arena_split_diamond, nicolae_gauntlet_arena_x,
          nicolae_gauntlet_arena_blocks, gammafunk_gauntlet_arena_arrow_garden,
          gammafunk_gauntlet_arena_hedges, gammafunk_gauntlet_arena_grid,
          dreamdust_gauntlet_exit_labyrinth]

Skill      XL: |  1  2  3  4  5  6  7  8  9 10 11 12 |
---------------+-------------------------------------+-----
Fighting       | 1 2 4 5 6 8 9 10 | 10.2
Unarmed Combat | 4 5 |  5.1
Shapeshifting  | 4 5 6 8 10 12 13 15 | 15.5
Dodging        | 2 4 6 |  6.8

Action                     |  1- 3 |  4- 6 |  7- 9 | 10-12 | 13-15 || total
---------------------------+-------+-------+-------+-------+-------++-------
  Melee: Unarmed           |    81 |   148 |   291 |   542 |    25 ||  1087
         Punch             |     1 |       |     9 |       |       ||    10
         Constrict         |       |       |       |   115 |     5 ||   120
Ability: Lunge             |       |       |     5 |    35 |     3 ||    43
         Whirlwind         |       |       |       |    11 |     1 ||    12
    Use: Potion            |       |       |     3 |     4 |     7 ||    14
         Scroll            |       |       |       |    20 |     4 ||    24
 Armour: Animal skin       |    54 |    90 |    37 |       |       ||   181
         Skin              |       |       |     7 |   463 |    46 ||   516
         Robe              |       |       |   198 |     7 |       ||   205
  Dodge: Dodged            |    46 |    63 |   115 |   271 |    20 ||   515
   Form: Blade             |       |       |       |     1 |       ||     1
         Serpent           |       |       |       |     1 |       ||     1
         Beast             |       |       |       |     1 |       ||     1
